 Dungeon Crawl Stone Soup version 0.30.1-11-g7821555f0a (webtiles) character file.

Game seed: 5251392004621242293

7772 anacleto the Grappler (level 11, -2/110 HPs)
             Began as a Troll Gladiator on Jan 5, 2024.
             Was a Believer of the Shining One.
             Killed from afar by an oklob plant (25 damage)
             ... with a splash of acid
             ... on level 10 of the Dungeon on Jan 6, 2024.
             The game lasted 00:21:29 (10315 turns).

anacleto the Grappler (Troll Gladiator)            Turns: 10315, Time: 00:21:30

Health: -2/110     AC: -1    Str: 34    XL:     11   Next: 1%
Magic:  12/12      EV: 10    Int:  4    God:    the Shining One [**....]
Gold:   542        SH:  0    Dex: 11    Spells: 10/10 levels left

rFire   . .          .
                       - Unarmed
rCold   . . .        (no shield)
rNeg    + . .        a - +0 robe
rPois   .            l - +2 hat
rElec   .            (no cloak)
rCorr   .            (gloves unavailable)
SInv    .            (boots unavailable)
Will    .....        (no amulet)
Stlth   +            h - +6 ring of strength
HPRegen 1.18/turn    w - +4 ring of protection
MPRegen 0.13/turn

%: no passive effects
@: corroded, glowing
A: large, unfitting armour, claws 3, regeneration 1, shaggy fur 1, tough skin 1
a: Renounce Religion, Divine Shield


You were on level 10 of the Dungeon.
You worshipped the Shining One.
The Shining One was pleased with you.
You visited 2 branches of the dungeon, and saw 11 of its levels.

You collected 542 gold pieces.

Inventory:

Missiles
 c - 3 throwing nets
 d - a large rock
 i - 52 poisoned darts
 q - 6 atropa-tipped darts
 r - 4 datura-tipped darts
 F - 7 boomerangs (quivered)
 I - 3 curare-tipped darts
 K - 6 boomerangs of dispersal
Armour
 a - a +0 robe (worn)
 l - a +2 hat (worn)
Jewellery
 h - a +6 ring of strength (left claw)
 w - a +4 ring of protection (right claw)
Wands
 y - a wand of paralysis (3)
 B - a wand of roots (10)
 H - a wand of quicksilver (9)
Scrolls
 b - a scroll of blinking
 e - 4 scrolls of enchant armour
 f - a scroll of torment {unknown}
 m - 4 scrolls of vulnerability
 n - 2 scrolls of enchant weapon {unknown}
 p - 4 scrolls of immolation {unknown}
 s - a scroll of noise {unknown}
 t - 4 scrolls of teleportation
 u - a scroll of fog {unknown}
 v - a scroll of poison {unknown}
 A - 2 scrolls of magic mapping {unknown}
 C - a scroll of brand weapon {unknown}
Potions
 g - 2 potions of haste {unknown}
 j - 5 potions of mutation
 k - 5 potions of curing {unknown}
 o - 5 potions of heal wounds
 x - 2 potions of lignification {unknown}
 D - a potion of might {unknown}
 E - a potion of cancellation {unknown}
 G - 2 potions of brilliance {unknown}
 J - 3 potions of attraction
 L - a potion of flight {unknown}


   Skills:
 + Level 7.6 Fighting
 + Level 3.7 Throwing
 + Level 2.8 Armour
 + Level 3.8 Dodging
 * Level 12.9 Unarmed Combat
 + Level 2.8 Invocations


You had 10 spell levels left.
You didn't know any spells.
Your spell library contained the following spells:

 Spells                   Type           Power      Damage    Failure   Level
 Apportation              Tloc           0%         N/A       50%         1
 Magic Dart               Conj           0%         1d3       50%         1
 Necrotise                Necr           0%         1d4       50%         1
 Summon Small Mammal      Summ           0%         N/A       50%         1
 Call Imp                 Summ           0%         N/A       65%         2
 Static Discharge         Conj/Air       0%         2-2/arc   65%         2
 Frozen Ramparts          Ice            0%         1d1       86%         3
 Mephitic Cloud           Conj/Pois/Air  0%         N/A       86%         3
 Vhi's Electric Charge    Tloc/Air       0%         N/A       86%         3
 Volatile Blastmotes      Fire/Tloc      0%         2d10      86%         3
 Airstrike                Air            0%         2d(0-16)  99%         4
 Fulminant Prism          Conj/Hex       0%         3d5       99%         4
 Ice Form                 Ice/Tmut       0%         N/A       99%         4
 Iskenderun's Mystic Bla  Conj/Tloc      0%         2d3       99%         4
 Summon Ice Beast         Ice/Summ       0%         N/A       99%         4
 Summon Lightning Spire   Summ/Air       0%         N/A       99%         4
 Arcjolt                  Conj/Air       0%         1d10      100%        5
 Lee's Rapid Deconstruct  Erth           0%         3d4*      100%        5
 Plasma Beam              Fire/Air       0%         2x1d11    100%        6
 Maxwell's Capacitive Co  Air            0%         ∞         100%        8


Dungeon Overview and Level Annotations

Branches:
Dungeon (10/15)            Temple (1/1) D:7            Lair (0/5) D:9
    Orc (0/2) D:10

Altars:
Cheibriados
Dithmenos
Elyvilon
Fedhas
Gozag
Hepliaklqana
Kikubaaqudgha
Makhleb
Nemelex Xobeh
Okawaru
Qazlal
Ru
Sif Muna
Trog
Uskayaw
Vehumet
Wu Jian
Xom
Yredelemnul
Zin
The Shining One

Annotations:
D:10 exclusion: oklob plant


Innate Abilities, Weirdness & Mutations

You are too large for most types of armour.
You have claws for hands.
Your natural rate of healing is unusually fast.
You are covered in fur. (AC +1)
You have tough skin. (AC +1)


Message History

Throw: 7 boomerangs
Press: ? - help, Q - select action, (/) - cycle Shift-Dir - straight line, f/p - oklob plant
Aim: an oklob plant (severely damaged, 98% to hit)
You throw a boomerang. The boomerang hits the oklob plant.
The oklob plant is almost destroyed.
The oklob plant spits acid at you. The splash of acid hits you!
Throw: 7 boomerangs
Press: ? - help, Q - select action, (/) - cycle Shift-Dir - straight line, f/p - oklob plant
Aim: an oklob plant (almost destroyed, 98% to hit)
You throw a boomerang.
The boomerang hits the oklob plant but does no damage.
The oklob plant is almost destroyed.
The oklob plant spits acid at you. The splash of acid hits you!!
The acid corrodes you!
Throw: 7 boomerangs
Press: ? - help, Q - select action, (/) - cycle Shift-Dir - straight line, f/p - oklob plant
Aim: an oklob plant (almost destroyed, 98% to hit)
You throw a boomerang.
The boomerang hits the oklob plant but does no damage.
The oklob plant is almost destroyed.
Throw: 7 boomerangs
Press: ? - help, Q - select action, (/) - cycle Shift-Dir - straight line, f/p - oklob plant
Aim: an oklob plant (almost destroyed, 98% to hit)
You throw a boomerang.
The boomerang hits the oklob plant but does no damage.
The oklob plant is almost destroyed.
The oklob plant spits acid at you. The splash of acid hits you!!
* * * LOW HITPOINT WARNING * * *
The acid corrodes you!
Throw: 7 boomerangs
Press: ? - help, Q - select action, (/) - cycle Shift-Dir - straight line, f/p - oklob plant
Aim: an oklob plant (almost destroyed, 98% to hit)
You throw a boomerang.
The boomerang hits the oklob plant but does no damage.
The oklob plant is almost destroyed.
The oklob plant spits acid at you. The splash of acid hits you!!
You die...

#........
#........#..
#...........
#...........
#...........
#...........
###..........P
#............P
#.....@......P
#..#####.....P
#..# ......
#..# ..... .
#..# ... .
#..# .. #... .
#..


You could see an oklob plant.

Vanquished Creatures
  A komodo dragon (D:9)
  A kobold demonologist (D:8)
  A hornet (D:9)
  2 shadows
  A vampire (D:9)
  A wyvern (D:7)
  3 basilisks (D:9)
  A steam dragon (D:9)
  An acid dragon (D:10)
  2 water moccasins (D:8)
  7 orc warriors
  3 ice beasts
  3 sky beasts
  2 black bears
  2 centaurs (D:9)
  3 ogres
  A phantom (D:6)
  4 kobold brigands
  A gnoll sergeant (D:8)
  3 bullfrogs
  4 scorpions
  24 wights
  5 killer bees (D:8)
  5 howler monkeys
  2 electric eels (D:9)
  2 jellies
  4 hounds
  4 orc priests
  3 gnoll boudas
  5 iguanas
  Terence (D:3)
  2 sleepcaps (D:6)
  11 orc wizards
  17 gnolls
  6 adders
  2 white imps
  An ufetubus (D:3)
  2 worms
  22 orcs
  3 endoplasms
  4 giant cockroaches (D:1)
  3 goblins
  5 hobgoblins
  2 quokkas
  5 ball pythons
  6 bats
  5 frilled lizards
  23 kobolds
  7 rats
228 creatures vanquished.

Vanquished Creatures (collateral kills)
  An orc (D:7)
1 creature vanquished.

Vanquished Creatures (others)
  An orc (D:7)
1 creature vanquished.

Grand Total: 230 creatures vanquished

Notes
Turn   | Place    | Note
-------+----------+-------------------------------------------
     0 | D:1      | anacleto the Troll Gladiator began the quest for the Orb.
     0 | D:1      | Reached XP level 1. HP: 19/19 MP: 0/0
   354 | D:1      | Reached XP level 2. HP: 28/28 MP: 1/1
  1389 | D:2      | Reached XP level 3. HP: 34/35 MP: 2/2
  1667 | D:2      | Found a hazy altar of Hepliaklqana.
  1802 | D:2      | Reached skill level 1 in Armour
  1802 | D:2      | Reached XP level 4. HP: 31/42 MP: 3/3
  1970 | D:3      | Noticed Terence
  1979 | D:3      | Killed Terence
  2023 | D:3      | Identified the +0 trident "Gutwaud" {venom, *Rage rPois
                  | Dex+8 Stlth-}
  2099 | D:3      | Reached skill level 4 in Unarmed Combat
  2423 | D:3      | Found a shimmering blue altar of Sif Muna.
  2809 | D:4      | Reached XP level 5. HP: 50/50 MP: 4/4
  3051 | D:4      | Reached skill level 5 in Unarmed Combat
  3074 | D:4      | You fall into a shaft and drop 3 floors!
  3111 | D:7      | Noticed an ice beast
  3245 | D:6      | Noticed a black bear
  3419 | D:7      | Reached XP level 6. HP: 59/61 MP: 5/5
  3572 | D:6      | Reached skill level 6 in Unarmed Combat
  3684 | D:6      | Reached XP level 7. HP: 63/67 MP: 6/6
  3813 | D:6      | Reached skill level 7 in Unarmed Combat
  3907 | D:5      | Entered Level 5 of the Dungeon
  4008 | D:5      | Noticed a shadow
  4028 | D:5      | Killed a shadow
  4106 | D:5      | Reached XP level 8. HP: 79/79 MP: 7/7
  4403 | D:4      | Reached skill level 8 in Unarmed Combat
  4923 | D:5      | Reached skill level 5 in Fighting
  4947 | D:5      | Reached skill level 9 in Unarmed Combat
  6126 | D:7      | Reached XP level 9. HP: 28/88 MP: 8/8
  6207 | D:7      | Reached skill level 10 in Unarmed Combat
  6636 | D:7      | Found a staircase to the Ecumenical Temple.
  6690 | Temple   | Entered the Ecumenical Temple
  6700 | Temple   | Became a worshipper of the Shining One
  7098 | D:8      | Reached skill level 11 in Unarmed Combat
  7242 | D:8      | Identified the +3 rapier "Diaqiz" {speed, *Rage rElec rN+
                  | SInv}
  7563 | D:8      | Reached XP level 10. HP: 100/100 MP: 9/9
  7902 | D:8      | Reached * piety under the Shining One
  7903 | D:8      | Reached skill level 12 in Unarmed Combat
  8333 | D:9      | Reached skill level 1 in Invocations
  8876 | D:9      | Reached ** piety under the Shining One
  9121 | D:9      | Found a staircase to the Lair.
  9165 | D:9      | Found an ornate altar of the Wu Jian Council.
  9795 | D:9      | Found an ancient bone altar of Kikubaaqudgha.
  9890 | D:10     | Entered Level 10 of the Dungeon
  9952 | D:10     | Found a sacrificial altar of Ru.
 10041 | D:10     | Noticed a two-headed ogre
 10193 | D:10     | Found a staircase to the Orcish Mines.
 10262 | D:10     | Reached XP level 11. HP: 110/110 MP: 12/12
 10305 | D:10     | Noticed an oklob plant
 10315 | D:10     | Killed from afar by an oklob plant

Illustrated notes

Levels and vault maps discovered:
D:1:      nzn_arrival_depleted_hourglass, layout_basic,
          chequers_serial_rivers_micro_e, skrybe_limestone_x
D:2:      layout_loops_ring, basic_altar, glass_columns_b, chequers_avenue,
          ebering_dispersal_statue_hall
D:3:      wad_river_or_something, layout_loops_ring,
          nicolae_sif_muna_little_library, uniq_terence
D:4:      layout_loops_ring, dreamdust_gnoll_farm
D:5:      layout_gridville
D:6:      layout_layer_cave
D:7:      layout_loops_corners, minmay_temple_entry_gardened_gates,
          grunt_ministairs_8, kennysheep_decorative_pillar
D:8:      layout_rooms, kennysheep_donut, nicolae_eternal_life
D:9:      layout_irregular_city, lemuel_coloured_pillars_altar,
          nicolae_overflow_crystal_walls, erik_lair_dragon, serial_bayou_lake_a
D:10:     layout_irregular_city, lemuel_round_altar, general_overflow_altar,
          david_orc_3, disabler_island
Temple:   sentei_temple_godly_chess

Skill      XL: |  1  2  3  4  5  6  7  8  9 10 |
---------------+-------------------------------+-----
Throwing       | 2 3 |  3.7
Fighting       | 2 3 4 5 6 7 |  7.6
Armour         | 1 2 |  2.8
Unarmed Combat | 4 5 6 7 9 11 12 | 12.9
Dodging        | 3 |  3.8
Invocations    | 2 |  2.8

Action                     |  1- 3 |  4- 6 |  7- 9 | 10-12 || total
---------------------------+-------+-------+-------+-------++-------
  Melee: Unarmed           |    56 |   139 |   272 |   132 ||   599
         Punch             |     3 |     3 |     9 |     5 ||    20
  Throw: Boomerang         |       |       |     3 |    46 ||    49
         Dart              |       |       |    10 |    12 ||    22
         Throwing net      |       |       |     2 |     2 ||     4
    Use: Scroll            |       |       |     3 |     3 ||     6
         Potion            |       |       |       |     1 ||     1
 Armour: Robe              |    29 |    47 |    63 |    61 ||   200
  Dodge: Dodged            |    26 |    79 |    97 |    65 ||   267
